[Event "42nd Olympiad Baku 2016 Women"]
[Site "Baku"]
[Date "2016.09.06"]
[Round "5.10"]
[White "Nguyen, Thu Giang"]
[Black "Chirivi C, Jenny Astrid"]
[Result "0-1"]
[ECO "B40"]
[WhiteElo "2119"]
[BlackElo "2209"]
[Annotator ""]
[PlyCount "106"]
[EventDate "2016.??.??"]
[EventType "team-tourn"]
[EventCountry "AZE"]
[SourceTitle "playchess.com"]
[Source "ChessBase"]
[WhiteTeam "Australia"]
[BlackTeam "Colombia"]
[WhiteTeamCountry "AUS"]
[BlackTeamCountry "COL"]
[TimeControl "40/5400+30:1800+30"]

1. e4 {(00:00)} c5 {(00:00)} 2. Nf3 {(00:00)} e6 {(
00:00)} 3. b3 {(00:12)} b6 {(00:00)} 4. c4 {(02:35)} Bb7 {
(00:33)} 5. Nc3 {(00:50)} Nc6 {(00:15)} 6. d4 {(07:
02)} cxd4 {(00:51)} 7. Nxd4 {(00:21)} Nf6 {(02:36)} 8. Nc2
{(15:04)} Nb4 {(01:03)} 9. Bd3 {(14:31)} Qc7 {(39:
36)} 10. Bb2 {(08:14)} Qe5 {(08:56)} 11. f3 {(05:18)} Bc5
{(13:44)} 12. Na4 {(12:18)} Qg5 {(01:52)} 13. Qd2 {
(08:26)} Bf2+ {(10:54)} 14. Kd1 {(03:49)} Qxg2 {(
00:13)} 15. Rf1 {(03:16)} Nxd3 {(01:31)} 16. Qxd3 {(00:06]
} Bh4 {(10:18)} 17. Be5 {(08:02)} Nxe4 {(03:10)} 18. Kc1 {
(02:29)} Nf2 {(00:51)} 19. Rxf2 {(03:45)} Bxf2 {(
00:37)} 20. Kb2 {(00:26)} O-O {(01:18)} 21. Bd6 {(01:43)}
Rfe8 {(00:25)} 22. Nc3 {(00:45)} f5 {(00:50)} 23. Be5 {
(00:53)} Bc6 {(00:27)} 24. Rd1 {(00:49)} Bc5 {(00:
38)} 25. Rd2 {(00:12)} Qxf3 {(00:27)} 26. Qxf3 {(00:13)}
Bxf3 {(00:05)} 27. Rxd7 {(00:09)} Bf8 {(00:47)} 28. Nd4 {
(00:24)} Bh5 {(00:49)} 29. Ncb5 {(00:11)} Re7 {(00:
57)} 30. Rd6 {(00:52)} Be8 {(00:43)} 31. Nc3 {(01:03)} Rd7
{(00:21)} 32. Rxe6 {(00:19)} Bf7 {(00:08)} 33. Rc6 {
(00:08)} Re8 {(00:12)} 34. Rc7 {(01:07)} Rxc7 {(00:
44)} 35. Bxc7 {(00:05)} g6 {(00:13)} 36. Kc2 {(01:25)} Bg7
{(00:10)} 37. Ndb5 {(00:10)} Re3 {(00:51)} 38. Kd2 {
(00:36)} Rf3 {(00:22)} 39. Ne2 {(00:31)} Bh6+ {(00:
37)} 40. Kc2 {(00:00)} f4 {(00:00)} 41. Nxa7 {(06:50)} Rf2
{(02:38)} 42. Kd3 {(06:09)} g5 {(00:07)} 43. Bxb6 {
(00:49)} Bg6+ {(00:11)} 44. Kd2 {(00:09)} Rxh2 {(
00:52)} 45. Ke1 {(01:14)} f3 {(05:33)} 46. Ng3 {(03:03)}
Rxa2 {(00:15)} 47. Be3 {(03:41)} Bg7 {(01:52)} 48. Nb5 {
(03:36)} Be5 {(00:23)} 49. Nf1 {(02:41)} Re2+ {(03:
19)} 50. Kd1 {(00:09)} Bc2+ {(00:12)} 51. Kc1 {(00:17)}
Bxb3 {(00:13)} 52. Bd2 {(02:45)} f2 {(00:58)} 53. Na3 {
(01:15)} Re1+ {(00:15)} 0-1

[Event "42nd Olympiad Baku 2016 Women"]
[Site "Baku"]
[Date "2016.09.06"]
[Round "5.30"]
[White "Nikolova, Adriana"]
[Black "Zuriel, Marisa"]
[Result "1-0"]
[ECO "B96"]
[WhiteElo "2358"]
[BlackElo "2272"]
[Annotator ""]
[PlyCount "81"]
[EventDate "2016.??.??"]
[EventType "team-tourn"]
[EventCountry "AZE"]
[SourceTitle "playchess.com"]
[Source "ChessBase"]
[WhiteTeam "Bulgaria"]
[BlackTeam "Argentina"]
[WhiteTeamCountry "BUL"]
[BlackTeamCountry "ARG"]
[TimeControl "40/5400+30:1800+30"]

1. e4 {(00:00)} c5 {(00:00)} 2. Nf3 {(00:00)} d6 {(
00:00)} 3. d4 {(00:00)} cxd4 {(00:00)} 4. Nxd4 {(00:02)}
Nf6 {(00:06)} 5. Nc3 {(00:07)} a6 {(00:06)} 6. Bg5 {
(00:08)} e6 {(00:45)} 7. f4 {(00:07)} Qc7 {(00:40)}
8. Bxf6 {(00:33)} gxf6 {(00:08)} 9. Be2 {(01:13)} b5 {
(08:15)} 10. a3 {(00:35)} Nd7 {(11:30)} 11. Bh5 {(
08:48)} Nb6 {(07:52)} 12. f5 {(01:58)} Ke7 {(04:49)} 13.
fxe6 {(08:10)} fxe6 {(00:06)} 14. Qf3 {(01:12)} Qc5 {
(05:21)} 15. Rd1 {(08:46)} Bd7 {(02:59)} 16. O-O {(
05:50)} Qe5 {(02:47)} 17. Bg4 {(23:15)} Rc8 {(04:55)} 18.
Nd5+ {(18:59)} exd5 {(21:19)} 19. exd5 {(00:10)} Kf7 {
(04:37)} 20. Bxd7 {(06:07)} Nxd7 {(00:15)} 21. Rfe1 {
(00:16)} Qg5 {(00:43)} 22. Qh3 {(00:13)} f5 {(14:
05)} 23. Rf1 {(00:26)} Ke8 {(00:33)} 24. Rxf5 {(00:43)}
Qg6 {(00:30)} 25. Re1+ {(06:02)} Be7 {(00:04)} 26. Rf2 {
(08:26)} Nb6 {(02:28)} 27. Re6 {(00:39)} Qg5 {(00:
35)} 28. Nf5 {(00:27)} Rf8 {(06:04)} 29. Rxe7+ {(00:43)}
Kd8 {(00:18)} 30. Re1 {(00:31)} Rc7 {(01:14)} 31. Nxd6 {
(00:23)} Rg8 {(00:37)} 32. Nf7+ {(00:34)} Rxf7 {(
00:06)} 33. Rxf7 {(00:03)} Qxd5 {(00:21)} 34. Rff1 {(00:
55)} Kc7 {(00:33)} 35. Qxh7+ {(00:23)} Kb8 {(00:05)} 36.
Qe4 {(00:21)} Qc5+ {(01:08)} 37. Qe3 {(00:20)} Qc6 {
(00:25)} 38. Qe5+ {(00:31)} Ka7 {(02:06)} 39. Rf7+ {
(00:39)} Nd7 {(00:31)} 40. Qe4 {(00:00)} Qd6 {(00:
00)} 41. Qd3 {(01:59)} 1-0

[Event "42nd Olympiad Baku 2016 Women"]
[Site "Baku"]
[Date "2016.09.06"]
[Round "5.8"]
[White "Nomalungelo, Mathe"]
[Black "Bhatia, Kanwal K"]
[Result "0-1"]
[ECO "C50"]
[WhiteElo "1574"]
[BlackElo "2133"]
[Annotator ""]
[PlyCount "64"]
[EventDate "2016.??.??"]
[EventType "team-tourn"]
[EventCountry "AZE"]
[SourceTitle "playchess.com"]
[Source "ChessBase"]
[WhiteTeam "Zimbabwe"]
[BlackTeam "England"]
[WhiteTeamCountry "ZIM"]
[BlackTeamCountry "ENG"]
[TimeControl "40/5400+30:1800+30"]

1. e4 {(00:00)} e5 {(00:00)} 2. Nf3 {(00:00)} Nc6 {
(00:00)} 3. Bc4 {(00:09)} Bc5 {(00:00)} 4. O-O {(
00:19)} Nf6 {(01:20)} 5. Nc3 {(01:32)} d6 {(00:42)} 6. h3
{(00:50)} h6 {(00:27)} 7. a3 {(00:12)} a6 {(00:28)}
8. d3 {(00:21)} Ba7 {(10:22)} 9. Ba2 {(02:12)} Be6 {
(01:46)} 10. Be3 {(00:58)} g5 {(04:14)} 11. d4 {(
09:20)} Bxa2 {(00:59)} 12. Rxa2 {(02:14)} Qe7 {(02:30)}
13. d5 {(04:13)} Nb8 {(02:15)} 14. Nh2 {(11:40)} Nbd7 {
(02:45)} 15. Bxa7 {(01:02)} Rxa7 {(00:05)} 16. f3 {
(02:47)} Ra8 {(01:13)} 17. Qe2 {(04:12)} Nf8 {(04:
55)} 18. Nd1 {(04:31)} Ng6 {(01:56)} 19. Ne3 {(03:28)} Nf4
{(03:35)} 20. Qd1 {(02:59)} h5 {(05:18)} 21. Re1 {(
09:22)} Qf8 {(04:46)} 22. Qd2 {(05:21)} Qh6 {(04:04)} 23.
Nf5 {(06:25)} Qg6 {(09:07)} 24. c4 {(06:29)} g4 {(
01:42)} 25. h4 {(08:33)} gxf3 {(01:41)} 26. Nxf3 {(00:27)}
Nxe4 {(04:45)} 27. Rxe4 {(03:53)} Qxf5 {(00:10)} 28. Qe3 {
(01:36)} Kd7 {(08:32)} 29. b3 {(02:00)} Rhg8 {(02:
08)} 30. Rxf4 {(04:41)} exf4 {(02:05)} 31. Qe1 {(02:41)}
Rae8 {(01:21)} 32. Qf2 {(00:53)} Qb1+ {(02:12)} 0-1

[Event "42nd Olympiad Baku 2016 Women"]
[Site "Baku"]
[Date "2016.09.06"]
[Round "5.5"]
[White "Nomin-Erdene, Davaademberel"]
[Black "Antonova, Nadezhda"]
[Result "1-0"]
[ECO "C41"]
[WhiteElo "2422"]
[BlackElo "2015"]
[Annotator ""]
[PlyCount "89"]
[EventDate "2016.??.??"]
[EventType "team-tourn"]
[EventCountry "AZE"]
[SourceTitle "playchess.com"]
[Source "ChessBase"]
[WhiteTeam "Mongolia"]
[BlackTeam "Tajikistan"]
[WhiteTeamCountry "MGL"]
[BlackTeamCountry "TJK"]
[TimeControl "40/5400+30:1800+30"]

1. e4 {(00:00)} d6 {(00:00)} 2. d4 {(00:00)} Nf6 {(
00:09)} 3. Nc3 {(00:00)} e5 {(00:28)} 4. Nf3 {(00:09)}
Nbd7 {(00:16)} 5. Bc4 {(00:15)} Be7 {(00:25)} 6. O-O {
(00:19)} O-O {(00:15)} 7. h3 {(02:32)} c6 {(01:30)}
8. a4 {(00:12)} b6 {(03:07)} 9. Re1 {(01:28)} Bb7 {
(01:26)} 10. Bd3 {(04:50)} a6 {(03:47)} 11. b3 {(
06:34)} Re8 {(04:37)} 12. Bb2 {(12:16)} Bf8 {(05:37)} 13.
Qd2 {(13:59)} b5 {(10:51)} 14. axb5 {(13:37)} cxb5 {
(07:49)} 15. d5 {(05:03)} Nh5 {(08:04)} 16. Bf1 {(
02:20)} g6 {(03:09)} 17. Nd1 {(04:39)} Nc5 {(02:43)} 18.
b4 {(01:34)} Na4 {(03:25)} 19. c4 {(00:44)} Nxb2 {(
16:00)} 20. Nxb2 {(00:43)} Qd7 {(02:27)} 21. Ra5 {(03:42)}
bxc4 {(03:11)} 22. Nxc4 {(00:11)} Qc7 {(01:37)} 23. Rc1 {
(02:52)} Qd8 {(05:35)} 24. Rca1 {(05:43)} Re7 {(02:
45)} 25. Qe3 {(00:31)} f5 {(01:18)} 26. Nfd2 {(00:44)} Nf6
{(02:45)} 27. f3 {(01:04)} Rb8 {(02:56)} 28. Na3 {(
04:30)} Bc8 {(00:30)} 29. Nc2 {(00:05)} Rc7 {(01:22)} 30.
R1a2 {(00:37)} fxe4 {(02:40)} 31. fxe4 {(00:09)} Nh5 {
(02:59)} 32. Nf3 {(08:53)} Nf4 {(00:29)} 33. Kh2 {(
00:58)} Qd7 {(00:40)} 34. Bxa6 {(01:44)} Nxg2 {(00:56)}
35. Kxg2 {(01:23)} Qxh3+ {(00:13)} 36. Kg1 {(01:35)} Bh6 {
(00:41)} 37. Qf2 {(00:24)} Rc3 {(00:16)} 38. R5a3 {
(01:02)} Be3 {(00:47)} 39. Nxe3 {(00:10)} Rc1+ {(
00:02)} 40. Bf1 {(00:00)} Rxb4 {(00:00)} 41. Ng5 {(08:11)}
Qh6 {(02:41)} 42. Qf7+ {(01:57)} Kh8 {(00:01)} 43. Qe8+ {
(00:27)} Kg7 {(00:36)} 44. Ne6+ {(01:17)} Bxe6 {(
01:43)} 45. Ra7+ {(00:06)} 1-0

[Event "42nd Olympiad Baku 2016 Women"]
[Site "Baku"]
[Date "2016.09.06"]
[Round "5.8"]
[White "Odinaeva, Saodat"]
[Black "Enkhtuul, Altan-Ulzii"]
[Result "0-1"]
[ECO "A04"]
[WhiteElo "1881"]
[BlackElo "2288"]
[Annotator ""]
[PlyCount "98"]
[EventDate "2016.??.??"]
[EventType "team-tourn"]
[EventCountry "AZE"]
[SourceTitle "playchess.com"]
[Source "ChessBase"]
[WhiteTeam "Tajikistan"]
[BlackTeam "Mongolia"]
[WhiteTeamCountry "TJK"]
[BlackTeamCountry "MGL"]
[TimeControl "40/5400+30:1800+30"]

1. Nf3 {(00:00)} g6 {(00:27)} 2. e4 {(00:00)} Bg7 {
(00:05)} 3. d4 {(00:00)} d6 {(00:20)} 4. Bf4 {(00:
10)} c5 {(01:22)} 5. c3 {(00:13)} cxd4 {(00:13)} 6. cxd4 {
(00:36)} Nc6 {(03:05)} 7. Bb5 {(04:07)} Qb6 {(03:
18)} 8. Nc3 {(00:32)} a6 {(02:36)} 9. Nd5 {(03:43)} Qd8 {
(00:52)} 10. Be2 {(01:40)} Nf6 {(13:09)} 11. Nc3 {(
02:38)} O-O {(05:49)} 12. O-O {(00:11)} b5 {(02:02)} 13.
a3 {(02:37)} Bb7 {(00:59)} 14. Rc1 {(00:43)} Rc8 {(
06:57)} 15. b4 {(00:50)} Nb8 {(06:10)} 16. Bd3 {(02:05)}
Nbd7 {(04:17)} 17. Bb1 {(01:06)} Nb6 {(00:31)} 18. Nd2 {
(01:25)} Qd7 {(02:18)} 19. h3 {(01:25)} Rfd8 {(02:
44)} 20. Be3 {(01:27)} Rc7 {(05:16)} 21. Ne2 {(09:14)}
Rxc1 {(00:14)} 22. Nxc1 {(00:26)} Na4 {(00:29)} 23. Ne2 {
(01:38)} Rc8 {(00:10)} 24. Qb3 {(00:50)} Rc7 {(03:
32)} 25. Rc1 {(02:56)} Rxc1+ {(02:38)} 26. Nxc1 {(00:32)}
Qc8 {(00:03)} 27. Ne2 {(00:33)} Nd7 {(02:36)} 28. Ba2 {
(02:39)} e6 {(01:16)} 29. f4 {(06:25)} Ndb6 {(07:
25)} 30. f5 {(04:09)} gxf5 {(00:09)} 31. Bf4 {(05:43)}
fxe4 {(01:56)} 32. Qg3 {(00:58)} Kh8 {(00:34)} 33. Bb1 {
(04:46)} d5 {(00:56)} 34. Be5 {(00:08)} f6 {(00:10]
} 35. Bd6 {(05:59)} Nc4 {(00:22)} 36. Nxc4 {(06:16)} bxc4
{(09:06)} 37. Bc5 {(00:29)} Nxc5 {(00:17)} 38. bxc5 {
(00:21)} f5 {(00:18)} 39. Qd6 {(01:43)} Bc6 {(01:
43)} 40. Kf2 {(00:00)} Qe8 {(00:00)} 41. Ke3 {(01:36)} e5
{(01:29)} 42. dxe5 {(14:32)} Bxe5 {(00:19)} 43. Qh6 {
(00:03)} Bb5 {(05:07)} 44. g4 {(01:58)} fxg4 {(05:
38)} 45. hxg4 {(00:23)} Qe7 {(00:38)} 46. Nf4 {(07:25)}
Qxc5+ {(00:23)} 47. Ke2 {(00:21)} c3+ {(00:08)} 48. Kd1 {
(01:14)} Qg1+ {(00:07)} 49. Kc2 {(02:33)} Ba4# {(
00:06)} 0-1

[Event "42nd Olympiad Baku 2016 Women"]
[Site "Baku"]
[Date "2016.09.06"]
[Round "5.9"]
[White "Omurbekova, Diana"]
[Black "Atikankhotchasee, Manunthon"]
[Result "1-0"]
[ECO "B27"]
[WhiteElo "1868"]
[BlackElo "1696"]
[Annotator ""]
[PlyCount "79"]
[EventDate "2016.??.??"]
[EventType "team-tourn"]
[EventCountry "AZE"]
[SourceTitle "playchess.com"]
[Source "ChessBase"]
[WhiteTeam "Kyrgyzstan"]
[BlackTeam "Thailand"]
[WhiteTeamCountry "KGZ"]
[BlackTeamCountry "THA"]
[TimeControl "40/5400+30:1800+30"]

1. e4 {(00:00)} c5 {(00:00)} 2. Nf3 {(00:00)} g6 {(
00:00)} 3. d3 {(00:04)} Bg7 {(00:38)} 4. g3 {(00:15)} Nc6
{(00:18)} 5. c3 {(00:10)} Nf6 {(00:55)} 6. Bg2 {(
00:16)} d5 {(00:57)} 7. e5 {(04:40)} Ng4 {(03:03)} 8. d4 {
(00:21)} cxd4 {(00:44)} 9. cxd4 {(00:08)} Nh6 {(02:
05)} 10. Nc3 {(06:55)} Bg4 {(00:54)} 11. Bxh6 {(07:07)}
Bxh6 {(01:04)} 12. h3 {(02:16)} Bxf3 {(00:26)} 13. Bxf3 {
(00:08)} e6 {(00:19)} 14. a4 {(23:14)} a6 {(03:34)}
15. Ne2 {(08:22)} Qa5+ {(02:52)} 16. Kf1 {(01:13)} O-O {
(04:14)} 17. Kg2 {(04:13)} Qd8 {(13:08)} 18. Bg4 {(
06:16)} Qe7 {(00:48)} 19. f4 {(05:43)} Qb4 {(03:38)} 20.
h4 {(03:18)} Rfc8 {(09:11)} 21. Qd3 {(10:58)} Na5 {
(02:03)} 22. h5 {(03:07)} Qb3 {(03:23)} 23. Qxb3 {(
01:31)} Nxb3 {(00:07)} 24. Ra3 {(00:17)} Nd2 {(12:47)} 25.
hxg6 {(00:21)} hxg6 {(01:47)} 26. Rxh6 {(00:22)} Kg7 {
(00:09)} 27. Rh1 {(00:22)} Rc2 {(00:06)} 28. b4 {(
04:58)} Rac8 {(01:00)} 29. Bf3 {(01:12)} Nc4 {(01:47)} 30.
Raa1 {(00:35)} Nb2 {(01:28)} 31. b5 {(01:43)} a5 {(
01:03)} 32. Rhc1 {(00:46)} Nd3 {(09:25)} 33. Rxc2 {(00:18]
} Rxc2 {(00:08)} 34. Ra3 {(01:29)} Nc1 {(01:59)} 35. Rc3 {
(00:57)} Rxe2+ {(00:56)} 36. Bxe2 {(00:06)} Nxe2 {(
00:07)} 37. Rc7 {(00:31)} Nxd4 {(00:10)} 38. Rxb7 {(00:07]
} Kf8 {(06:37)} 39. Ra7 {(01:01)} Nb3 {(01:53)} 40. b6 {
(00:00)} 1-0

[Event "42nd Olympiad Baku 2016 Women"]
[Site "Baku"]
[Date "2016.09.06"]
[Round "5.11"]
[White "Ozturk, Kubra"]
[Black "Olsarova, Karolina"]
[Result "1-0"]
[ECO "E06"]
[WhiteElo "2277"]
[BlackElo "2255"]
[Annotator ""]
[PlyCount "73"]
[EventDate "2016.??.??"]
[EventType "team-tourn"]
[EventCountry "AZE"]
[SourceTitle "playchess.com"]
[Source "ChessBase"]
[WhiteTeam "Turkey"]
[BlackTeam "Czech Republic"]
[WhiteTeamCountry "TUR"]
[BlackTeamCountry "CZE"]
[TimeControl "40/5400+30:1800+30"]

1. d4 {(00:00)} Nf6 {(00:00)} 2. c4 {(00:00)} e6 {(
00:00)} 3. g3 {(00:00)} d5 {(00:34)} 4. Nf3 {(00:02)} Be7
{(00:08)} 5. Bg2 {(00:09)} O-O {(00:09)} 6. O-O {(
00:47)} dxc4 {(00:19)} 7. Ne5 {(00:49)} Nc6 {(00:36)} 8.
Nxc6 {(00:44)} bxc6 {(00:06)} 9. Na3 {(01:02)} Bxa3 {
(00:36)} 10. bxa3 {(00:01)} Ba6 {(00:20)} 11. Qd2 {
(01:31)} Rb8 {(09:05)} 12. Qa5 {(00:13)} Rb6 {(01:
02)} 13. a4 {(00:45)} Qd6 {(33:42)} 14. e4 {(09:42)} Qe7 {
(00:10)} 15. Rd1 {(05:30)} Rfb8 {(07:49)} 16. a3 {(
04:19)} c3 {(10:08)} 17. Qxc3 {(04:24)} Rb3 {(00:45)} 18.
Qxc6 {(06:25)} Bb7 {(04:29)} 19. Qc2 {(02:41)} Ba8 {
(00:11)} 20. d5 {(23:16)} exd5 {(10:26)} 21. exd5 {
(00:20)} Qd7 {(01:53)} 22. d6 {(10:15)} c6 {(02:37]
} 23. Bf4 {(10:43)} Nd5 {(01:35)} 24. Rab1 {(01:55)} Rxb1
{(06:06)} 25. Rxb1 {(00:02)} Rd8 {(00:07)} 26. Bxd5 {
(02:18)} cxd5 {(00:03)} 27. Qc7 {(00:57)} Bc6 {(01:
38)} 28. a5 {(00:52)} f6 {(02:12)} 29. h4 {(02:03)} a6 {
(03:24)} 30. Rb6 {(02:15)} Bb5 {(00:33)} 31. a4 {(
05:42)} Bxa4 {(01:34)} 32. Qxd7 {(00:48)} Rxd7 {(00:25)}
33. Rxa6 {(00:05)} d4 {(00:23)} 34. Rb6 {(00:44)} d3 {
(00:37)} 35. a6 {(01:34)} Kf7 {(00:35)} 36. Rb7 {(
01:48)} Bc6 {(01:01)} 37. Rc7 {(00:50)} 1-0

[Event "42nd Olympiad Baku 2016 Women"]
[Site "Baku"]
[Date "2016.09.06"]
[Round "5.18"]
[White "Padmini, Rout"]
[Black "Hoang, Thi Bao Tram"]
[Result "1-0"]
[ECO "B12"]
[WhiteElo "2408"]
[BlackElo "2325"]
[Annotator ""]
[PlyCount "120"]
[EventDate "2016.??.??"]
[EventType "team-tourn"]
[EventCountry "AZE"]
[SourceTitle "playchess.com"]
[Source "ChessBase"]
[WhiteTeam "India"]
[BlackTeam "Vietnam"]
[WhiteTeamCountry "IND"]
[BlackTeamCountry "VIE"]
[TimeControl "40/5400+30:1800+30"]

1. e4 {(00:00)} c6 {(00:00)} 2. d4 {(00:00)} d5 {(
00:01)} 3. e5 {(00:00)} c5 {(00:42)} 4. Nf3 {(00:28)} Bg4
{(02:06)} 5. c4 {(03:31)} e6 {(02:43)} 6. cxd5 {(
06:57)} exd5 {(05:36)} 7. Be2 {(10:24)} Nc6 {(04:13)} 8.
Nbd2 {(00:36)} cxd4 {(10:43)} 9. O-O {(01:03)} Nge7 {
(04:41)} 10. h3 {(01:59)} Bxf3 {(07:07)} 11. Nxf3 {
(01:10)} Ng6 {(00:29)} 12. Bd3 {(16:26)} Be7 {(01:
34)} 13. Re1 {(00:45)} O-O {(02:06)} 14. a3 {(01:39)} a5 {
(03:35)} 15. Bxg6 {(11:04)} hxg6 {(00:33)} 16. Nxd4 {
(00:12)} Bc5 {(06:36)} 17. Nf3 {(05:48)} Qb6 {(01:
50)} 18. Re2 {(01:19)} Rfe8 {(13:20)} 19. Qd3 {(02:38)}
Nd4 {(09:18)} 20. Nxd4 {(04:14)} Bxd4 {(00:21)} 21. Be3 {
(00:51)} Bxe3 {(00:25)} 22. Qxe3 {(01:31)} d4 {(00:
43)} 23. Qd3 {(01:34)} Qc5 {(03:05)} 24. f4 {(03:00)} g5 {
(03:47)} 25. g3 {(01:31)} Re6 {(06:29)} 26. Rd1 {(
01:21)} Rd8 {(01:00)} 27. Kh2 {(02:10)} Qe7 {(02:44)} 28.
Qe4 {(04:12)} Qc5 {(04:56)} 29. Red2 {(06:00)} gxf4 {
(00:59)} 30. gxf4 {(00:33)} Rb6 {(00:49)} 31. b4 {(
02:12)} axb4 {(01:38)} 32. Rxd4 {(00:11)} Rxd4 {(00:49)}
33. Rxd4 {(00:10)} Qc7 {(00:57)} 34. axb4 {(04:18)} Rc6 {
(00:09)} 35. Rd2 {(03:04)} Rc4 {(00:47)} 36. Qf5 {(
00:05)} Qb6 {(00:18)} 37. Qg5 {(01:24)} Rc8 {(00:36)} 38.
Rg2 {(00:38)} g6 {(00:08)} 39. f5 {(00:25)} Rc6 {(
00:11)} 40. Rd2 {(00:00)} Rc8 {(00:00)} 41. Rg2 {(08:51)}
Rc6 {(01:59)} 42. Qe7 {(03:21)} Rc7 {(15:23)} 43. Qd8+ {
(05:50)} Kh7 {(00:50)} 44. f6 {(03:38)} Rc6 {(00:
44)} 45. Qe7 {(09:39)} Qc7 {(00:31)} 46. Qxc7 {(00:11)}
Rxc7 {(00:06)} 47. Rf2 {(03:54)} Rc6 {(00:47)} 48. Kg3 {
(02:32)} g5 {(01:46)} 49. b5 {(00:27)} Rc8 {(04:53]
} 50. Kf3 {(00:35)} Kg6 {(01:12)} 51. Ke4 {(00:17)} Rh8 {
(05:21)} 52. Rf3 {(00:18)} Rh4+ {(01:38)} 53. Kd5 {
(00:16)} Rb4 {(00:14)} 54. Kc5 {(00:54)} Re4 {(00:
08)} 55. Kd5 {(00:12)} Rb4 {(00:04)} 56. e6 {(00:51)}
Rxb5+ {(03:30)} 57. Kc4 {(00:29)} Re5 {(00:10)} 58. e7 {
(00:07)} Re6 {(00:46)} 59. Kd4 {(00:25)} Rd6+ {(00:
33)} 60. Ke3 {(00:24)} Re6+ {(00:16] Ke4} 1-0

[Event "42nd Olympiad Baku 2016 Women"]
[Site "Baku"]
[Date "2016.09.06"]
[Round "5.7"]
[White "Papp, Petra"]
[Black "Bengtsson, Jessica"]
[Result "1-0"]
[ECO "C64"]
[WhiteElo "2336"]
[BlackElo "2005"]
[Annotator ""]
[PlyCount "57"]
[EventDate "2016.??.??"]
[EventType "team-tourn"]
[EventCountry "AZE"]
[SourceTitle "playchess.com"]
[Source "ChessBase"]
[WhiteTeam "Hungary"]
[BlackTeam "Sweden"]
[WhiteTeamCountry "HUN"]
[BlackTeamCountry "SWE"]
[TimeControl "40/5400+30:1800+30"]

1. e4 {(00:00)} e5 {(00:00)} 2. Nf3 {(00:00)} Nc6 {
(00:00)} 3. Bb5 {(00:13)} Bc5 {(00:05)} 4. c3 {(02:
58)} Nf6 {(00:28)} 5. d4 {(01:28)} Bb6 {(00:18)} 6. Nxe5 {
(04:09)} Nxe5 {(04:25)} 7. dxe5 {(00:33)} Nxe4 {(
00:44)} 8. Qg4 {(03:21)} Bxf2+ {(04:35)} 9. Ke2 {(05:59)}
Qh4 {(22:21)} 10. Qxg7 {(00:51)} Rf8 {(01:09)} 11. Bh6 {
(02:02)} Bc5 {(03:38)} 12. Nd2 {(02:34)} c6 {(13:
33)} 13. g3 {(06:45)} Qh3 {(05:15)} 14. Nxe4 {(05:33)}
Qg2+ {(01:48)} 15. Kd3 {(01:53)} Qf3+ {(00:26)} 16. Kc2 {
(02:46)} Qxe4+ {(01:54)} 17. Bd3 {(00:24)} Qg2+ {(
02:15)} 18. Kb3 {(09:01)} a5 {(03:14)} 19. a4 {(07:56)} b5
{(03:10)} 20. Rhd1 {(07:37)} bxa4+ {(03:06)} 21. Ka2 {
(00:37)} a3 {(11:10)} 22. Rd2 {(00:51)} Qd5+ {(01:
12)} 23. c4 {(03:37)} Qd4 {(01:39)} 24. Bf1 {(04:02)} Qe4
{(01:10)} 25. Rd6 {(01:20)} Kd8 {(03:17)} 26. Qxf8+ {
(01:25)} Kc7 {(00:04)} 27. Rxd7+ {(03:48)} Kb6 {(
08:00)} 28. Qd8+ {(01:52)} Ka6 {(00:04)} 29. Bd2 {(01:14)}
1-0

[Event "42nd Olympiad Baku 2016 Women"]
[Site "Baku"]
[Date "2016.09.06"]
[Round "5.20"]
[White "Parkhurst Casas, Miriam"]
[Black "Magnusdottir, Veronika Steinunn"]
[Result "1-0"]
[ECO "B40"]
[WhiteElo "1993"]
[BlackElo "1777"]
[Annotator ""]
[PlyCount "47"]
[EventDate "2016.??.??"]
[EventType "team-tourn"]
[EventCountry "AZE"]
[SourceTitle "playchess.com"]
[Source "ChessBase"]
[WhiteTeam "Mexico"]
[BlackTeam "Iceland"]
[WhiteTeamCountry "MEX"]
[BlackTeamCountry "ISL"]
[TimeControl "40/5400+30:1800+30"]

1. e4 {(00:00)} c5 {(00:00)} 2. Nf3 {(00:24)} e6 {(
00:00)} 3. c4 {(00:06)} Nc6 {(00:00)} 4. d4 {(00:32)} cxd4
{(00:14)} 5. Nxd4 {(00:08)} Nf6 {(00:27)} 6. Nc3 {(
00:42)} Bb4 {(00:21)} 7. Nxc6 {(02:23)} bxc6 {(00:09)} 8.
Bd3 {(00:45)} e5 {(04:10)} 9. Bd2 {(02:01)} O-O {(
03:54)} 10. a3 {(01:33)} Bc5 {(02:52)} 11. O-O {(01:48)}
a5 {(09:25)} 12. Rb1 {(04:31)} d5 {(11:17)} 13. cxd5 {
(03:52)} cxd5 {(00:22)} 14. exd5 {(00:18)} Nxd5 {(
03:54)} 15. Nxd5 {(01:41)} Qxd5 {(00:11)} 16. Be3 {(08:29]
} Bd4 {(12:31)} 17. Bxd4 {(08:14)} Qxd4 {(01:21)} 18. Qf3
{(06:41)} Be6 {(09:05)} 19. Rfd1 {(04:10)} Qb6 {(
02:08)} 20. Qe4 {(01:06)} g6 {(05:07)} 21. Qxe5 {(04:29)}
Ba2 {(01:39)} 22. Ra1 {(02:58)} Rfe8 {(00:44)} 23. Qb5 {
(00:46)} Qe6 {(04:00)} 24. Rxa2 {(01:23)} 1-0

[Event "42nd Olympiad Baku 2016 Women"]
[Site "Baku"]
[Date "2016.09.06"]
[Round "5.4"]
[White "Patino Garcia, Corals"]
[Black "Al-Fayyadh, Zainab Asif Abdulah"]
[Result "1-0"]
[ECO "D85"]
[WhiteElo "1994"]
[BlackElo "1703"]
[Annotator ""]
[PlyCount "37"]
[EventDate "2016.??.??"]
[EventType "team-tourn"]
[EventCountry "AZE"]
[SourceTitle "playchess.com"]
[Source "ChessBase"]
[WhiteTeam "Venezuela"]
[BlackTeam "Iraq"]
[WhiteTeamCountry "VEN"]
[BlackTeamCountry "IRQ"]
[TimeControl "40/5400+30:1800+30"]

1. d4 {(00:00)} Nf6 {(00:00)} 2. c4 {(00:00)} g6 {(
00:00)} 3. Nc3 {(00:00)} d5 {(00:00)} 4. cxd5 {(00:25)}
Nxd5 {(00:00)} 5. e4 {(00:03)} Nxc3 {(00:00)} 6. bxc3 {
(00:04)} Bg7 {(00:01)} 7. Nf3 {(01:39)} c5 {(00:20]
} 8. Be3 {(01:26)} Qa5 {(00:52)} 9. Qd2 {(02:43)} Nc6 {
(00:57)} 10. Rc1 {(05:36)} cxd4 {(04:08)} 11. cxd4 {
(02:47)} Qxd2+ {(00:17)} 12. Kxd2 {(00:08)} f5 {(
02:38)} 13. d5 {(15:38)} fxe4 {(20:40)} 14. Ng5 Ne5 {(09:
03)} 15. Bb5+ {(09:24)} Bd7 {(02:50)} 16. Bxd7+ {(05:15)}
Nxd7 {(03:45)} 17. Rc7 {(04:09)} Nb6 {(07:56)} 18. d6 {
(05:36)} Rd8 {(07:24)} 19. Rxe7+ 1-0